 Dungeon Crawl Stone Soup version 0.31-a0-702-gf82c85558f (webtiles) character file.

Game seed: 3105273029226956593

16747 qw the Marksgargoyle (level 12, 0/78 HPs)
             Began as a Gargoyle Hunter on Sept 8, 2023.
             Was a Believer of Okawaru.
             Engulfed by a fire crab's flame (2 damage)
             ... in a Gauntlet.
             The game lasted 00:06:55 (12762 turns).

qw the Marksgargoyle (Gargoyle Hunter)             Turns: 12762, Time: 00:06:55

Health: 0/78       AC: 20    Str: 18    XL:     12   Next: 40%
Magic:  13/15      EV: 17    Int: 11    God:    Okawaru [**....]
Gold:   655        SH:  5    Dex: 17    Spells: 11/11 levels left

rFire   + . .        Y - +0 orcbow
rCold   + + .        (shield currently unavailable)
rNeg    + . .        m - +2 leather armour {rC+}
rPois   inf          (helmet restricted)
rElec   +            r - scarf {rC+ rF+}
rCorr   .            p - +0 pair of gloves
SInv    .            (no boots)
Will    +....        l - amulet "Winuabb" {Reflect Str+3 SH+5}
Stlth   +++          e - +4 ring of protection
HPRegen 0.33/turn    n - ring of willpower
MPRegen 0.14/turn

%: no teleportation, reflection
@: heroic
A: sickness immunity, AC +8, negative energy resistance 1, electricity
resistance, torment resistance 1, petrification resistance, horns 1
a: Renounce Religion, Heroism


You were in a Gauntlet.
You worshipped Okawaru.
Okawaru was pleased with you.
You visited 3 branches of the dungeon, and saw 12 of its levels.
You also visited: Ossuary and Gauntlet.

You collected 655 gold pieces.


Innate Abilities, Weirdness & Mutations

You are immune to sickness and miasma.
Your stone body is resilient. (AC +8)
You are immune to poison.
You resist negative energy. (rN+)
You are resistant to electric shocks. (rElec)
You are resistant to unholy torment.
You are immune to petrification.
You have a pair of small horns on your head.


   Skills:
 + Level 10.5(15.5) Fighting
 - Level 16.1(21.1) Ranged Weapons
 - Level 3.1(8.1) Armour
 - Level 5.1(10.1) Dodging
 - Level 1.1(6.1) Stealth
 - Level 4.1 Invocations


You had 11 spell levels left.
You didn't know any spells.
Your spell library was empty.

Inventory:

Hand Weapons
 Y - a +0 orcbow (weapon)
Armour
 h - a +1 cloak
 m - a +2 leather armour of cold resistance (worn)
 p - a +0 pair of gloves (worn)
 r - a scarf of resistance (worn)
Jewellery
 e - a +4 ring of protection (left hand)
 l - the amulet "Winuabb" (around neck) {Reflect Str+3 SH+5}
   (You found it on level 6 of the Dungeon)

   [amulet of reflection]

   Reflect:   It reflects blocked missile attacks.
   Str+3:     It affects your strength (+3).
   SH+5:      It affects your SH (+5).
 n - a ring of willpower (right hand)
Scrolls
 b - 4 scrolls of identify
Potions
 d - a potion of mutation
 f - a potion of resistance
 g - a potion of might
 i - 9 potions of curing
 j - a potion of cancellation
 k - a potion of enlightenment
 q - a potion of haste

Dungeon Overview and Level Annotations

Branches:
Dungeon (9/15)             Temple (1/1) D:4            Lair (2/5) D:9
 Shoals (0/4) Lair:2      Ossuary (visited)         Gauntlet (1/1)
  Snake: Lair:2-3    Spider: Lair:2-3       Orc: D:9-12

Altars:
Ashenzari
Cheibriados
Dithmenos
Elyvilon
Fedhas
Gozag
Hepliaklqana
Kikubaaqudgha
Makhleb
Nemelex Xobeh
Okawaru
Qazlal
Ru
Sif Muna
Uskayaw
Vehumet
Wu Jian
Xom
Yredelemnul
Zin
The Shining One

Annotations:
D:4 3 runed translucent doors, qw's ghost, amateur GrHu Gauntlet 9 transporters, 2 runed translucent doors


Message History

The hell hound is almost dead.
The hell hound bites you but does no damage.
You shoot an arrow.
The arrow hits the hell hound but does no damage.
The hell hound is almost dead.
The hell hound bites you!
You shoot an arrow. The arrow hits the hell hound.
You kill the hell hound!
Okawaru accepts your kill.
You shoot an arrow. The arrow barely misses the fire crab.
The fire crab breathes flames at you.
The blast of flame engulfs you but does no damage.
You shoot an arrow.
The arrow hits the fire crab but does no damage.
You are engulfed in blazing flames.
You resist.
You shoot an arrow.
The arrow hits the fire crab but does no damage.
You are engulfed in blazing flames.
You resist. The fire crab breathes flames at you.
The blast of flame engulfs you but does no damage.
You shoot an arrow. The arrow hits the fire crab!
The fire crab is moderately wounded.
You are engulfed in blazing flames.
You resist.
The fire crab bites you but does no damage.
The fire crab barely misses you.
You shoot an arrow. The arrow hits the fire crab!!
The fire crab is severely wounded.
You are engulfed in blazing flames.
You resist.
The fire crab bites you but does no damage.
The fire crab misses you.
You shoot an arrow.
The arrow hits the fire crab but does no damage.
The fire crab is severely wounded.
You are engulfed in blazing flames.
You resist.
You feel like a meek peon again.
12762 ||| INVOKING Heroism.
You gain the combat prowess of a mighty hero.
Okawaru will no longer gift you throwing weapons.
You are engulfed in blazing flames.
You resist.
You die...

#~..P..#..#.#..#..P~~~~
##..PP7.#.##^##.#.7P#~#~
##~......#.#...#.#...~~~~
#~~...P7.#.#...#.#...#~#~
##~......#...^)..#...PPP.
##.P7.#############...7.
##~....#^....^....^#.....
#~~.###################.#
##~.#..#@#..#.#.......#.#
##.#.#t#%#.#.#.####..#.#
##~.#.#.#.#.#.#.....#.#.#
#~~.#..#^#..#.####^.#.#.#
##~.#.#.#.#.#.#..[#.#.#.#
##.#.#.#.#.#.##(?#.#.#.#
##~.#|?#^#[.#.#^#.#J..#.#
#~~.#########.#########.#
##~......................


You could see a fire crab.

Vanquished Creatures
  A catoblepas (Gauntlet)
  A two-headed ogre (D:9)
  Sonja (Lair:2)
  11 elephants
  A black mamba (Lair:2)
  Maurice (D:9)
  A gargoyle (Gauntlet)
  A torpor snail (Gauntlet)
  A rime drake (Lair:1)
  3 cane toads
  2 komodo dragons
  A troll (D:9)
  Prince Ribbit (D:6)
  3 wyverns
  3 fire bats (Gauntlet)
  9 yaks
  A basilisk (Lair:1)
  2 steam dragons (D:7)
  3 hell hounds (Gauntlet)
  3 water moccasins
  3 orc warriors
  2 black bears
  2 ice beasts (D:7)
  5 ogres
  5 centaurs
  5 wolves (Lair:2)
  2 phantoms (D:6)
  A kobold brigand (D:9)
  An elf zombie (Ossuary)
  5 bullfrogs
  4 scorpions (D:4)
  14 wights
  5 killer bees (D:9)
  2 electric eels (Lair:1)
  A howler monkey (D:8)
  3 centaur zombies (Ossuary)
  2 orc priests
  2 hounds
  2 gnoll boudas
  2 human zombies (Ossuary)
  3 iguanas
  10 orc wizards
  2 sleepcaps (D:7)
  3 mummies (Ossuary)
  8 gnolls
  7 adders
  A shadow imp (D:5)
  2 white imps (D:5)
  5 adder zombies (Ossuary)
  4 worms
  3 dart slugs
  34 orcs
  5 bats
  7 endoplasms
  5 giant cockroaches
  A gnoll zombie (Ossuary)
  6 goblins
  9 hobgoblins
  13 jackals
  3 quokkas
  7 ball pythons
  2 frilled lizards (D:3)
  3 goblin zombies (Ossuary)
  2 hobgoblin zombies (Ossuary)
  18 kobolds
  6 kobold zombies (Ossuary)
  3 orc zombies (Ossuary)
  2 quokka zombies (Ossuary)
  3 rats
  5 rat zombies (Ossuary)
300 creatures vanquished.

Notes
Turn   | Place    | Note
-------+----------+-------------------------------------------
     0 | D:1      | qw the Gargoyle Hunter began the quest for the Orb.
     0 | D:1      | Reached XP level 1. HP: 12/12 MP: 1/1
     0 | D:1      | 0 ||| qw: Version: 0.3-a-76-g4403597
     0 | D:1      | 0 ||| qw: Game counter: 1199
     0 | D:1      | 0 ||| qw: Melee chars always use a shield: true
     0 | D:1      | 0 ||| qw: God list: Okawaru
     0 | D:1      | 0 ||| qw: Allow faded altars: false
     0 | D:1      | 0 ||| qw: Do Orc after clearing Dungeon:15 true
     0 | D:1      | 0 ||| qw: Do second Lair branch before Depths: true
     0 | D:1      | 0 ||| qw: Lair rune preference: random
     0 | D:1      | 0 ||| qw: Goals: Normal
     0 | D:1      | 0 ||| PLANNING D:1-11
   189 | D:1      | 189 ||| RETREATING.
   193 | D:1      | Reached XP level 2. HP: 17/17 MP: 2/2
   373 | D:1      | Reached XP level 3. HP: 20/21 MP: 3/3
   386 | D:1      | Reached skill level 5 in Ranged Weapons
   745 | D:1      | 745 ||| UPGRADING to +4 ring of protection.
   746 | D:1      | 746 ||| READING scroll labelled VYLIG YR ICYUK.
   747 | D:1      | 747 ||| READING scroll labelled DESHAU SUALAS.
   750 | D:1      | 750 ||| READING scroll labelled GIM MATURIRO.
   751 | D:1      | 751 ||| READING scroll labelled EPHOOH GODWEIR.
   752 | D:1      | 752 ||| DRINKING 2 clear potions.
   753 | D:1      | 753 ||| DROPPING scroll of butterflies.
  1079 | D:2      | Reached skill level 3 in Fighting
  1136 | D:2      | Reached XP level 4. HP: 27/28 MP: 4/4
  1677 | D:2      | 1677 ||| READING scroll labelled NOTHRULOUWN.
  1678 | D:2      | 1678 ||| DRINKING 2 metallic orange potions.
  2165 | D:3      | Reached XP level 5. HP: 32/32 MP: 5/5
  2434 | D:3      | 2434 ||| UPGRADING to +2 leather armour of cold resistance.
  2444 | D:3      | 2444 ||| DROPPING +0 leather armour.
  2445 | D:3      | 2445 ||| READING scroll labelled JINKIU JYATOHE.
  2446 | D:3      | 2446 ||| READING scroll labelled QISEJO FEDDAUQ.
  2447 | D:3      | 2447 ||| READING 2 scrolls of identify.
  2447 | D:3      | 2447 ||| IDENTIFYING metallic dark potion
  2448 | D:3      | 2448 ||| DROPPING potion of berserk rage.
  2479 | D:4      | Reached skill level 6 in Ranged Weapons
  2523 | D:4      | Reached XP level 6. HP: 15/38 MP: 6/6
  2614 | D:4      | Found a staircase to the Ecumenical Temple.
  2615 | D:4      | 2615 ||| PLANNING TEMPLE
  2624 | Temple   | Entered the Ecumenical Temple
  2625 | Temple   | 2625 ||| PLANNING D:1-11
  2645 | D:4      | 2645 ||| Stepping ~*~*~tactically~*~*~ (outnumbered).
  2668 | D:4      | HP: 7/38 [gnoll/+0 spear[a gnoll bouda] (3)]
  2669 | D:4      | 2669 ||| READING 2 scrolls of teleportation.
  2670 | D:4      | 2670 ||| DRINKING 2 potions of heal wounds.
  2816 | D:4      | Found a broken altar of Ashenzari.
  2844 | D:4      | Reached skill level 7 in Ranged Weapons
  2844 | D:4      | 2844 ||| FLEEEEING.
  2845 | D:4      | 2845 ||| FLEEEEING.
  2851 | D:4      | 2851 ||| FLEEEEING.
  2852 | D:4      | 2852 ||| FLEEEEING.
  2853 | D:4      | 2853 ||| FLEEEEING.
  2910 | D:4      | Noticed a black bear
  2917 | D:4      | Killed a black bear
  2918 | D:4      | Reached XP level 7. HP: 37/43 MP: 7/7
  3127 | D:4      | Found a glowing silver altar of Zin.
  3185 | D:4      | Found a runed translucent gate.
  3185 | D:4      | Found a runed translucent gate.
  3185 | D:4      | Found a runed translucent gate.
  3230 | D:4      | Found a white marble altar of Elyvilon.
  3234 | D:4      | Found a glowing golden altar of the Shining One.
  3241 | D:4      | Reached skill level 8 in Ranged Weapons
  3472 | D:4      | Found a burning altar of Makhleb.
  3505 | D:4      | Noticed qw's ghost (amateur GrHu)
  3507 | D:4      | 3507 ||| READING 5 scrolls of identify.
  3507 | D:4      | 3507 ||| IDENTIFYING sapphire potion
  3508 | D:4      | 3508 ||| READING 4 scrolls of identify.
  3508 | D:4      | 3508 ||| IDENTIFYING puce potion
  3509 | D:4      | 3509 ||| READING 3 scrolls of identify.
  3509 | D:4      | 3509 ||| IDENTIFYING ruby potion
  3510 | D:4      | 3510 ||| READING 2 scrolls of identify.
  3510 | D:4      | 3510 ||| IDENTIFYING yellow potion
  3511 | D:4      | 3511 ||| DROPPING potion of magic.
  3534 | D:5      | Entered Level 5 of the Dungeon
  3747 | D:5      | 3747 ||| Stepping ~*~*~tactically~*~*~ (outnumbered).
  3749 | D:5      | 3749 ||| Stepping ~*~*~tactically~*~*~ (outnumbered).
  3766 | D:5      | Reached XP level 8. HP: 37/48 MP: 8/8
  4308 | D:5      | 4308 ||| UPGRADING to +0 cloak.
  4313 | D:5      | 4313 ||| UPGRADING to amulet of the acrobat.
  4318 | D:5      | 4318 ||| READING scroll labelled ZAT XUEPNO.
  4444 | D:6      | 4444 ||| PLANNING OSSUARY
  4714 | D:6      | 4714 ||| SWAPPING to +0 orcbow.
  4715 | D:6      | 4715 ||| DROPPING +1 shortbow.
  4746 | D:6      | Identified the amulet "Winuabb" {Reflect Str+3 SH+5}
  4850 | D:6      | Found a sand-covered staircase.
  4851 | D:6      | 4851 ||| UPGRADING to amulet "Winuabb" {Reflect Str+3
                  | SH+5}.
  4861 | D:6      | 4861 ||| DROPPING amulet of the acrobat.
  4867 | Ossuary  | Entered an ossuary
  4927 | Ossuary  | 4927 ||| READING scroll of enchant armour.
  4927 | Ossuary  | 4927 ||| ENCHANTING +0 cloak.
  5004 | Ossuary  | Reached skill level 9 in Ranged Weapons
  5107 | Ossuary  | Reached skill level 6 in Fighting
  5195 | Ossuary  | 5195 ||| DRINKING 3 blue potions.
  5196 | Ossuary  | 5196 ||| DROPPING 2 potions of invisibility.
  5207 | D:6      | 5207 ||| PLANNING D:1-11
  5210 | D:6      | Noticed Prince Ribbit
  5211 | D:6      | 5211 ||| RETREATING.
  5218 | D:6      | 5218 ||| RETREATING.
  5273 | D:6      | Reached skill level 10 in Ranged Weapons
  5273 | D:6      | Reached XP level 9. HP: 55/55 MP: 9/9
  5531 | D:6      | Reached skill level 3 in Dodging
  5552 | D:6      | Killed Prince Ribbit
  5711 | D:7      | 5711 ||| STAIRDANCE
  5720 | D:7      | 5720 ||| STAIRDANCE
  5729 | D:6      | HP: 10/57 [wyvern (8)]
  5730 | D:6      | 5730 ||| READING 2 scrolls of teleportation.
  5731 | D:6      | 5731 ||| DRINKING 4 potions of heal wounds.
  5886 | D:7      | 5886 ||| Stepping ~*~*~tactically~*~*~ (outnumbered).
  5890 | D:7      | 5890 ||| Stepping ~*~*~tactically~*~*~ (outnumbered).
  5937 | D:7      | 5937 ||| RETREATING.
  5940 | D:7      | 5940 ||| RETREATING.
  5941 | D:7      | 5941 ||| Stepping ~*~*~tactically~*~*~ (retreating).
  5947 | D:7      | 5947 ||| Stepping ~*~*~tactically~*~*~ (retreating).
  5948 | D:7      | 5948 ||| Stepping ~*~*~tactically~*~*~ (retreating).
  5956 | D:7      | Reached skill level 11 in Ranged Weapons
  6013 | D:7      | 6013 ||| Stepping ~*~*~tactically~*~*~ (cloud).
  6015 | D:7      | 6015 ||| FLEEEEING.
  6385 | D:7      | Reached XP level 10. HP: 64/64 MP: 10/10
  6505 | D:7      | Reached skill level 12 in Ranged Weapons
  6687 | D:7      | 6687 ||| UPGRADING to scarf of resistance.
  6697 | D:7      | 6697 ||| DROPPING amulet of guardian spirit.
  6698 | D:7      | 6698 ||| UPGRADING to ring of willpower.
  6699 | D:7      | 6699 ||| READING scroll labelled OLEARA PESTO.
  6700 | D:7      | 6700 ||| DRINKING 2 fizzy black potions.
  6701 | D:7      | 6701 ||| READING 2 scrolls of identify.
  6701 | D:7      | 6701 ||| IDENTIFYING silvery potion
  6702 | D:7      | 6702 ||| DROPPING potion of brilliance.
  7148 | D:8      | 7148 ||| RETREATING.
  7150 | D:8      | 7150 ||| Stepping ~*~*~tactically~*~*~ (retreating).
  7155 | D:8      | 7155 ||| Stepping ~*~*~tactically~*~*~ (retreating).
  7164 | D:8      | HP: 15/64 [yak (3)]
  7165 | D:8      | 7165 ||| READING 3 scrolls of teleportation.
  7166 | D:8      | 7166 ||| DRINKING 3 potions of heal wounds.
  7326 | D:8      | 7326 ||| RETREATING.
  7333 | D:8      | 7333 ||| Stepping ~*~*~tactically~*~*~ (retreating).
  7334 | D:8      | 7334 ||| Stepping ~*~*~tactically~*~*~ (retreating).
  7335 | D:8      | 7335 ||| Stepping ~*~*~tactically~*~*~ (retreating).
  7369 | D:8      | HP: 13/64 [wight/+3 dire flail (12)]
  7370 | D:8      | 7370 ||| READING 2 scrolls of teleportation.
  7371 | D:8      | 7371 ||| DRINKING 2 potions of heal wounds.
  7569 | D:8      | Found a snail-covered altar of Cheibriados.
  7571 | D:8      | Found an iron altar of Okawaru.
  7572 | D:8      | 7572 ||| PLANNING OKAWARU WORSHIP
  7572 | D:8      | 7572 ||| UPGRADING to +0 helmet.
  7584 | D:8      | Found a shimmering blue altar of Sif Muna.
  7586 | D:8      | Became a worshipper of Warmaster Okawaru
  7587 | D:8      | 7587 ||| PLANNING D:1-11
  7588 | D:8      | Found a hazy altar of Hepliaklqana.
  7590 | D:8      | Found a sparkling altar of Nemelex Xobeh.
  7595 | D:8      | Found a blossoming altar of Fedhas.
  7619 | D:8      | Reached skill level 13 in Ranged Weapons
  8342 | D:8      | 8342 ||| READING scroll labelled DIOD TAHAG.
  8343 | D:8      | 8343 ||| READING 2 scrolls of identify.
  8343 | D:8      | 8343 ||| IDENTIFYING viscous orange potion
  8344 | D:8      | 8344 ||| DROPPING potion of lignification.
  8644 | D:9      | Reached skill level 9 in Fighting
  8678 | D:9      | Noticed Maurice
  8680 | D:9      | 8680 ||| RETREATING.
  8681 | D:9      | 8681 ||| Stepping ~*~*~tactically~*~*~ (retreating).
  8682 | D:9      | 8682 ||| Stepping ~*~*~tactically~*~*~ (retreating).
  8683 | D:9      | 8683 ||| Stepping ~*~*~tactically~*~*~ (retreating).
  8703 | D:9      | 8703 ||| FLEEEEING.
  8704 | D:9      | 8704 ||| FLEEEEING.
  8705 | D:9      | 8705 ||| FLEEEEING.
  8708 | D:9      | 8708 ||| FLEEEEING.
  8709 | D:9      | 8709 ||| FLEEEEING.
  8724 | D:9      | 8724 ||| Stepping randomly (disturbance).
  8725 | D:9      | 8725 ||| Stepping randomly (disturbance).
  8727 | D:9      | 8727 ||| Stepping randomly (disturbance).
  8728 | D:9      | 8728 ||| Stepping randomly (disturbance).
  8730 | D:9      | 8730 ||| Stepping randomly (disturbance).
  8731 | D:9      | 8731 ||| Stepping randomly (disturbance).
  8732 | D:9      | 8732 ||| Stepping randomly (disturbance).
  8733 | D:9      | 8733 ||| Stepping randomly (disturbance).
  8738 | D:9      | 8738 ||| Stepping randomly (disturbance).
  8739 | D:9      | 8739 ||| Stepping randomly (disturbance).
  8740 | D:9      | 8740 ||| Stepping randomly (disturbance).
  8743 | D:9      | 8743 ||| Stepping randomly (disturbance).
  8744 | D:9      | 8744 ||| Stepping randomly (disturbance).
  8753 | D:9      | 8753 ||| DRINKING 2 potions of cancellation.
  8766 | D:9      | Killed Maurice
  8766 | D:9      | Reached * piety under Okawaru
  8852 | D:9      | 8852 ||| INVOKING Heroism.
  8861 | D:9      | Reached skill level 1 in Invocations
  8945 | D:9      | 8945 ||| Stepping ~*~*~tactically~*~*~ (outnumbered).
  8982 | D:9      | Noticed a two-headed ogre
  8983 | D:9      | 8983 ||| INVOKING Heroism.
  8989 | D:9      | Killed a two-headed ogre
  8990 | D:9      | Reached skill level 14 in Ranged Weapons
  8990 | D:9      | Reached XP level 11. HP: 71/71 MP: 9/12
  9022 | D:9      | Found a staircase to the Lair.
  9041 | D:9      | 9041 ||| INVOKING Heroism.
  9062 | D:9      | 9062 ||| INVOKING Heroism.
  9062 | D:9      | HP: 7/71 [komodo dragon (25)]
  9063 | D:9      | 9063 ||| READING scroll of teleportation.
  9064 | D:9      | 9064 ||| DRINKING potion of heal wounds.
  9433 | D:9      | 9433 ||| INVOKING Heroism.
  9723 | D:9      | 9723 ||| RETREATING.
  9725 | D:9      | 9725 ||| Stepping ~*~*~tactically~*~*~ (retreating).
  9726 | D:9      | 9726 ||| Stepping ~*~*~tactically~*~*~ (retreating).
  9727 | D:9      | 9727 ||| Stepping ~*~*~tactically~*~*~ (retreating).
  9728 | D:9      | 9728 ||| Stepping ~*~*~tactically~*~*~ (retreating).
  9750 | D:9      | 9750 ||| INVOKING Heroism.
  9924 | D:9      | Found an ornate altar of the Wu Jian Council.
 10116 | D:9      | 10116 ||| PLANNING LAIR
 10116 | D:9      | 10116 ||| DRINKING 2 grey potions.
 10116 | D:9      | Gained mutation: You have a pair of small horns on your
                  | head. [potion of mutation]
 10117 | D:9      | 10117 ||| DROPPING +0 helmet.
 10122 | Lair:1   | Entered Level 1 of the Lair of Beasts
 10126 | Lair:1   | 10126 ||| INVOKING Heroism.
 10197 | Lair:1   | 10197 ||| INVOKING Heroism.
 10624 | Lair:1   | 10624 ||| INVOKING Heroism.
 10752 | Lair:1   | 10752 ||| Stepping ~*~*~tactically~*~*~ (retreating).
 10754 | Lair:1   | 10754 ||| Stepping ~*~*~tactically~*~*~ (retreating).
 10755 | Lair:1   | 10755 ||| RETREATING.
 10766 | Lair:1   | 10766 ||| Stepping ~*~*~tactically~*~*~ (retreating).
 10767 | Lair:1   | 10767 ||| Stepping ~*~*~tactically~*~*~ (retreating).
 10772 | Lair:1   | 10772 ||| Stepping ~*~*~tactically~*~*~ (retreating).
 10773 | Lair:1   | 10773 ||| Stepping ~*~*~tactically~*~*~ (retreating).
 10774 | Lair:1   | 10774 ||| Stepping ~*~*~tactically~*~*~ (retreating).
 10775 | Lair:1   | 10775 ||| Stepping ~*~*~tactically~*~*~ (retreating).
 10776 | Lair:1   | 10776 ||| INVOKING Heroism.
 10778 | Lair:1   | 10778 ||| Stepping ~*~*~tactically~*~*~ (retreating).
 10779 | Lair:1   | 10779 ||| Stepping ~*~*~tactically~*~*~ (retreating).
 10789 | Lair:1   | 10789 ||| Stepping ~*~*~tactically~*~*~ (retreating).
 10790 | Lair:1   | 10790 ||| Stepping ~*~*~tactically~*~*~ (retreating).
 10795 | Lair:1   | 10795 ||| INVOKING Heroism.
 10810 | Lair:1   | HP: 11/72 [elephant (14)]
 10811 | Lair:1   | 10811 ||| READING scroll of teleportation.
 10818 | Lair:1   | 10818 ||| FLEEEEING.
 10819 | Lair:1   | 10819 ||| FLEEEEING.
 10820 | Lair:1   | 10820 ||| FLEEEEING.
 10821 | Lair:1   | 10821 ||| FLEEEEING.
 10822 | Lair:1   | 10822 ||| FLEEEEING.
 10823 | Lair:1   | 10823 ||| FLEEEEING.
 10824 | Lair:1   | 10824 ||| FLEEEEING.
 10825 | Lair:1   | 10825 ||| FLEEEEING.
 10826 | Lair:1   | 10826 ||| FLEEEEING.
 10828 | Lair:1   | 10828 ||| FLEEEEING.
 10829 | Lair:1   | 10829 ||| FLEEEEING.
 10830 | Lair:1   | 10830 ||| FLEEEEING.
 10831 | Lair:1   | 10831 ||| FLEEEEING.
 10832 | Lair:1   | 10832 ||| FLEEEEING.
 10833 | Lair:1   | 10833 ||| FLEEEEING.
 10834 | Lair:1   | 10834 ||| FLEEEEING.
 10835 | Lair:1   | 10835 ||| FLEEEEING.
 10836 | Lair:1   | 10836 ||| FLEEEEING.
 10837 | Lair:1   | 10837 ||| FLEEEEING.
 10838 | Lair:1   | 10838 ||| FLEEEEING.
 10839 | Lair:1   | 10839 ||| FLEEEEING.
 10840 | Lair:1   | 10840 ||| FLEEEEING.
 10841 | Lair:1   | 10841 ||| FLEEEEING.
 10842 | Lair:1   | 10842 ||| FLEEEEING.
 10843 | Lair:1   | 10843 ||| FLEEEEING.
 10844 | Lair:1   | 10844 ||| FLEEEEING.
 10845 | Lair:1   | 10845 ||| FLEEEEING.
 10846 | Lair:1   | 10846 ||| FLEEEEING.
 10847 | Lair:1   | 10847 ||| FLEEEEING.
 10848 | Lair:1   | 10848 ||| FLEEEEING.
 10850 | Lair:1   | 10850 ||| FLEEEEING.
 10851 | Lair:1   | 10851 ||| STAIRDANCE
 11002 | D:9      | 11002 ||| UPGRADING to +0 pair of gloves.
 11007 | D:9      | 11007 ||| READING scroll labelled MUMNIE VEPI.
 11008 | D:9      | 11008 ||| READING 2 scrolls labelled PALUVY NINNO.
 11009 | D:9      | 11009 ||| READING 4 scrolls of identify.
 11009 | D:9      | 11009 ||| IDENTIFYING orange potion
 11010 | D:9      | 11010 ||| DROPPING scroll of vulnerability.
 11031 | Lair:1   | Reached skill level 3 in Invocations
 11322 | Lair:2   | 11322 ||| PLANNING GAUNTLET
 11323 | Lair:2   | 11323 ||| INVOKING Heroism.
 11468 | Lair:2   | 11468 ||| RETREATING.
 11477 | Lair:2   | Reached ** piety under Okawaru
 11535 | Lair:2   | Found a staircase to the Shoals.
 11549 | Lair:2   | Reached skill level 15 in Ranged Weapons
 11556 | Lair:2   | Found a gate leading to a gauntlet.
 11634 | Lair:2   | 11634 ||| INVOKING Heroism.
 11635 | Lair:2   | Noticed Sonja
 11636 | Lair:2   | 11636 ||| RETREATING.
 11668 | Lair:2   | 11668 ||| INVOKING Heroism.
 11679 | Lair:2   | 11679 ||| Stepping ~*~*~tactically~*~*~ (retreating).
 11680 | Lair:2   | 11680 ||| Stepping ~*~*~tactically~*~*~ (retreating).
 11681 | Lair:2   | 11681 ||| Stepping ~*~*~tactically~*~*~ (retreating).
 11683 | Lair:2   | 11683 ||| Stepping ~*~*~tactically~*~*~ (retreating).
 11684 | Lair:2   | 11684 ||| Stepping ~*~*~tactically~*~*~ (retreating).
 11685 | Lair:2   | 11685 ||| Stepping ~*~*~tactically~*~*~ (retreating).
 11692 | Lair:2   | 11692 ||| Stepping ~*~*~tactically~*~*~ (retreating).
 11693 | Lair:2   | 11693 ||| Stepping ~*~*~tactically~*~*~ (retreating).
 11694 | Lair:2   | 11694 ||| Stepping ~*~*~tactically~*~*~ (retreating).
 11695 | Lair:2   | 11695 ||| Stepping ~*~*~tactically~*~*~ (retreating).
 11696 | Lair:2   | 11696 ||| Stepping ~*~*~tactically~*~*~ (retreating).
 11700 | Lair:2   | 11700 ||| INVOKING Heroism.
 11718 | Lair:2   | 11718 ||| INVOKING Heroism.
 11731 | Lair:2   | Reached XP level 12. HP: 34/77 MP: 13/15
 11752 | Lair:2   | Killed Sonja
 11888 | Gauntlet | Entered a Gauntlet
 11888 | Gauntlet | Found a transporter.
 11896 | Gauntlet | Found a transporter.
 11897 | Gauntlet | Found a transporter.
 11902 | Gauntlet | Found a runed translucent door.
 11905 | Gauntlet | Found a runed translucent door.
 11908 | Gauntlet | Found a transporter.
 11911 | Gauntlet | Found a transporter.
 11914 | Gauntlet | Noticed a catoblepas
 11921 | Gauntlet | Found a transporter.
 11937 | Gauntlet | Found a transporter.
 11947 | Gauntlet | Noticed a quicksilver ooze
 11951 | Gauntlet | Found a transporter.
 11958 | Gauntlet | Found a transporter.
 11966 | Gauntlet | Found a transporter.
 11966 | Gauntlet | Found a transporter.
 11968 | Gauntlet | Found a transporter.
 11997 | Gauntlet | Noticed a catoblepas
 11998 | Gauntlet | Found a transporter.
 12052 | Gauntlet | Found a transporter.
 12134 | Gauntlet | 12134 ||| INVOKING Heroism.
 12135 | Gauntlet | 12135 ||| Stepping ~*~*~tactically~*~*~ (retreating).
 12136 | Gauntlet | 12136 ||| Stepping ~*~*~tactically~*~*~ (retreating).
 12137 | Gauntlet | 12137 ||| Stepping ~*~*~tactically~*~*~ (retreating).
 12157 | Gauntlet | 12157 ||| INVOKING Heroism.
 12166 | Gauntlet | HP: 19/77 [elephant (11)]
 12177 | Gauntlet | 12177 ||| INVOKING Heroism.
 12180 | Gauntlet | HP: 14/77 [elephant (7)]
 12186 | Gauntlet | HP: 6/77 [torpor snail (8)]
 12428 | Gauntlet | 12428 ||| INVOKING Heroism.
 12438 | Gauntlet | HP: 15/77 [catoblepas (14)]
 12439 | Gauntlet | Killed a catoblepas
 12439 | Gauntlet | Reached *** piety under Okawaru
 12440 | Gauntlet | Reached skill level 16 in Ranged Weapons
 12490 | Gauntlet | 12490 ||| INVOKING Heroism.
 12501 | Gauntlet | HP: 13/77 [gargoyle/stone arrow (11)]
 12504 | Gauntlet | Reached skill level 3 in Armour
 12714 | Gauntlet | 12714 ||| Stepping ~*~*~tactically~*~*~ (retreating).
 12715 | Gauntlet | 12715 ||| Stepping ~*~*~tactically~*~*~ (retreating).
 12720 | Gauntlet | 12720 ||| Stepping ~*~*~tactically~*~*~ (retreating).
 12723 | Gauntlet | 12723 ||| Stepping ~*~*~tactically~*~*~ (retreating).
 12726 | Gauntlet | 12726 ||| INVOKING Heroism.
 12727 | Gauntlet | 12727 ||| Stepping ~*~*~tactically~*~*~ (retreating).
 12728 | Gauntlet | 12728 ||| Stepping ~*~*~tactically~*~*~ (retreating).
 12729 | Gauntlet | 12729 ||| Stepping ~*~*~tactically~*~*~ (retreating).
 12730 | Gauntlet | 12730 ||| Stepping ~*~*~tactically~*~*~ (retreating).
 12732 | Gauntlet | 12732 ||| Stepping ~*~*~tactically~*~*~ (retreating).
 12754 | Gauntlet | HP: 19/78 [hell hound (8)]
 12759 | Gauntlet | HP: 12/78 [fire crab] (3)]
 12761 | Gauntlet | HP: 2/78 [fire crab] (11)]
 12762 | Gauntlet | 12762 ||| INVOKING Heroism.
 12762 | Gauntlet | Engulfed by a fire crab's flame

Levels and vault maps discovered:
D:1:      dpeg_arrival_circle_labyrinth_c, layout_basic,
          hangedman_abyss_or_decor_lesser_grid, st_stairs_5, minmay_tripent
D:2:      layout_basic, minmay_split_cup_small
D:3:      layout_basic
D:4:      layout_rooms, good_gods_mini_temple, lightli_temple_of_fire,
          mainiacjoe_overflow_surrounded_room, temple_fountains,
          ebering_ghost_rock_garden, minivault_25, minivault_19,
          minmay_misc_feat_hallway, minmay_manual_mess
D:5:      layout_gridville
D:6:      layout_basic, enter_ossuary_2, uniq_prince_ribbit1
D:7:      layout_cave_pools, corexii_mini_fake_secret_closet,
          hangedman_decor_peaks_small, amcnicky_mini_pool_medium
D:8:      layout_layer_cave, nicolae_overflow_hallway_of_the_gods
D:9:      layout_stronghold, lemuel_coloured_pillars_altar, david_lair_shrubbed,
          enter_bailey_2, corexii_leaking_fountain, uniq_maurice
Temple:   nicolae_temple_ecumenical_triangle
Lair:1:   layout_chaotic_city, lemuel_fruit_fields, infiniplex_staircase_pool
Lair:2:   layout_cave_shapes, minmay_shoals_entry_centaurs,
          gauntlet_entry_generic, uniq_sonja
Gauntlet: minmay_gauntlet_77_tree [minmay_gauntlet_arena_77_mess,
          minmay_gauntlet_arena_77_mirror, minmay_gauntlet_arena_77_cramped,
          minmay_gauntlet_arena_77_braids,
          minmay_gauntlet_arena_77_radiant_squares,
          minmay_gauntlet_arena_77_two_paths,
          minmay_gauntlet_arena_77_two_lines, gauntlet_exit_green]

Skill      XL: |  1  2  3  4  5  6  7  8  9 10 11 12 |
---------------+-------------------------------------+-----
Ranged Weapons | 5 6 7 8 10 11 14 15 16 | 16.1
Fighting       | 3 4 6 8 9 10 | 10.5
Dodging        | 2 3 4 5 |  5.1
Armour         | 2 3 |  3.1
Invocations    | 1 4 |  4.1
Stealth        | |  1.1

Action                     |  1- 3 |  4- 6 |  7- 9 | 10-12 || total
---------------------------+-------+-------+-------+-------++-------
  Melee: Unarmed           |       |       |       |     5 ||     5
   Fire: Shortbow          |   132 |   223 |   207 |       ||   562
         Orcbow            |       |       |   385 |   798 ||  1183
 Invoke: Heroism           |       |       |       |    23 ||    23
    Use: Scroll            |     4 |     5 |     7 |    11 ||    27
         Potion            |     1 |     2 |     2 |     6 ||    11
 Armour: Leather armour    |    47 |   116 |   273 |   353 ||   789
         Skin              |       |       |       |    11 ||    11
  Dodge: Dodged            |    54 |    77 |   207 |   325 ||   663
  Block: Other             |       |       |    50 |   111 ||   161
         Reflection        |       |       |     3 |     4 ||     7

Table legend:
 A = Non-vault XP
 B = Vault XP
 C = Vault XP percentage of total XP
 D = Non-vault monster count
 E = Vault monster count
 F = Vault count percentage of total count
                 A         B        C        D         E       F
            +---------+---------+-------+---------+---------+-------
      Total |   15809 |    8116 |  33.9 |     225 |      75 |  25.0
            +---------+---------+-------+---------+---------+-------
        D:1 |      47 |       8 |  14.5 |      28 |       4 |  12.5
        D:2 |      60 |       6 |   9.1 |      17 |       3 |  15.0
        D:3 |      49 |       0 |   0.0 |      20 |       0 |   0.0
        D:4 |     492 |     289 |  37.0 |      22 |       7 |  24.1
        D:5 |     403 |       0 |   0.0 |      18 |       0 |   0.0
        D:6 |    1194 |     283 |  19.2 |      12 |       1 |   7.7
        D:7 |    1274 |     491 |  27.8 |      28 |       5 |  15.2
        D:8 |    2255 |       0 |   0.0 |      18 |       0 |   0.0
        D:9 |    2927 |     795 |  21.4 |      38 |       2 |   5.0
     Lair:1 |    3593 |       0 |   0.0 |      12 |       0 |   0.0
     Lair:2 |    3515 |    1106 |  23.9 |      12 |       4 |  25.0
    Ossuary |       0 |     419 | 100.0 |       0 |      36 | 100.0
   Gauntlet |       0 |    4719 | 100.0 |       0 |      13 | 100.0
            +---------+---------+-------+---------+---------+-------
